Map: Crimson Court LE

Players

ExacT

  • Race: Zerg Zerg
  • Spawn Location: 1:00

ZergHunter - Winner!

  • Race: Terran Terran
  • League: Diamond
  • Spawn Location: 7:00

VOD

Have the link to the VOD?

Description

Time

  • Played on: Aug. 1, 2024, 7:25 p.m.
  • Length: 21:18
Show
View Real Time Build Order
Export as new Build Order

ExacT Zerg 

Build Orders: Pool First 

Get SALT Encoding   

  12  0:00  Drone  
  13  0:12  Overlord  
  13  0:16  Drone  
  14  0:30  Drone x2  
  14  0:34  Drone  
  17  0:46  Spawning Pool  
  16  0:57  Drone x2  
  18  1:09  Drone  
  19  1:17  Extractor  
  18  1:20  Extractor  
  18  1:21  Drone  
  18  1:29  Hatchery  
  18  1:32  Drone  
  18  1:37  Queen  
  20  1:41  Drone  
  21  1:54  Overlord  
  21  2:00  Drone  
  22  2:14  Zergling x2  
  23  2:24  Metabolic Boost  
  23  2:26  Zergling x2  
  24  2:33  Drone  
  25  2:42  Queen  
  25  2:43  Drone  
  28  2:48  Drone  
  28  2:50  Overlord  
  29  2:52  Drone  
  29  2:58  Hatchery  
  29  3:09  Lair  
  29  3:13  Drone  
  29  3:16  Drone  
  29  3:18  Drone, Roach Warren  
  31  3:24  Drone x2  
  31  3:26  Drone  
  34  3:31  Drone  
  34  3:32  Drone  
  36  3:47  Drone x4  
  40  3:55  Queen  
  40  3:56  Overlord  
  43  4:02  Drone  
  43  4:03  Drone  
  43  4:04  Overlord x2  
  42  4:26  Drone x11, Baneling Nest  
  42  4:28  Drone  
  53  4:38  Zergling x6  
  56  4:40  Extractor  
  56  4:41  Extractor  
  54  4:46  Spore Crawler  
  54  4:50  Drone, Extractor  
  54  4:51  Zergling x4  
  55  4:53  Spore Crawler  
  55  4:55  Zergling x4  
  55  4:56  Zergling x10  
  61  5:00  Overlord  
  61  5:03  Zergling x2  
  62  5:08  Zergling x2  
  62  5:11  Baneling  
  62  5:12  Baneling x5  
  62  5:13  Zergling x4  
  65  5:18  Centrifugal Hooks  
  65  5:19  Zergling x2  
  65  5:20  Zergling x4  
  68  5:26  Zergling x10  
  68  5:27  Zergling x2  
  74  5:34  Drone  
  74  5:35  Drone  
  76  5:38  Baneling x10  
  76  5:39  Baneling  
  76  5:40  Zergling x2  
  77  5:48  Zergling x2  
  77  5:49  Zergling x6  
  80  6:00  Baneling x4  
  80  6:01  Baneling x5, Evolution Chamber  
  79  6:06  Drone x2  
  79  6:07  Overlord  
  79  6:08  Overlord  
  79  6:09  Overlord  
  81  6:14  Baneling x4  
  81  6:15  Overlord  
  81  6:18  Overlord  
  53  6:49  Zergling x2  
  53  6:50  Zergling x8  
  53  6:54  Zergling x12  
  59  6:56  Overlord  
  59  6:58  Queen x3  
  59  7:00  Zergling x2  
  70  7:05  Drone  
  70  7:06  Drone  
  73  7:15  Drone x2  
  67  7:34  Zergling x8  
  67  7:35  Zergling x14  
  73  7:43  Zerg Melee Weapons Level 1  
  73  7:48  Spore Crawler  
  73  7:50  Zergling x2  
  73  7:51  Zergling x8  
  77  8:01  Spore Crawler  
  77  8:02  Baneling x8  
  77  8:03  Baneling x7, Spore Crawler  
  77  8:05  Zergling x6  
  78  8:11  Spire  
  77  8:13  Zergling x2  
  77  8:14  Zergling x16  
  83  8:29  Zergling x2  
  83  8:30  Baneling x2, Zergling x4  
  83  8:41  Spore Crawler x3  
  78  8:43  Spore Crawler  
  78  8:45  Spore Crawler  
  51  9:26  Mutalisk x12  
  74  9:32  Drone  
  74  9:33  Drone x5  
  74  9:37  Zerg Flyer Weapons Level 1  
  74  9:38  Drone x2  
  82  9:49  Overlord  
  82  9:50  Overseer x2  
  82  9:52  Pneumatized Carapace  
  82  10:00  Mutalisk  
  82  10:02  Zergling x16  
  82  10:03  Zergling x2  
  93  10:23  Zergling x16  
  91  10:38  Zergling x2  
  91  10:39  Zergling x6  
  93  10:50  Zergling x2  
  93  10:51  Zergling x4  
  97  10:57  Zergling x6  
  97  10:59  Baneling x4  
  97  11:00  Baneling x19  
  88  11:12  Zergling x6  
  88  11:17  Zergling x4  
  84  11:19  Mutalisk  
  81  11:34  Zergling x16  
  81  11:36  Drone  
  81  11:37  Drone x3  
  93  11:43  Overlord  
  93  11:46  Drone  
  93  11:47  Drone, Hatchery  
  94  11:55  Overlord x2  
  94  11:57  Zerg Melee Weapons Level 2  
  94  11:58  Zerg Flyer Weapons Level 2  
  94  12:01  Baneling x2  
  94  12:02  Baneling x3  
  76  12:35  Drone x2, Extractor  
  76  12:36  Extractor  
  76  12:42  Overlord  
  76  12:43  Infestation Pit  
  75  12:46  Drone x7  
  82  12:56  Zergling x4  
  82  12:57  Zergling x2  
  85  12:59  Zergling x2  
  85  13:00  Zergling x4  
  85  13:01  Hatchery  
  85  13:03  Baneling x3  
  85  13:04  Baneling x2  
  85  13:05  Zergling x2  
  88  13:09  Zergling x2  
  88  13:10  Zergling x2  
  90  13:13  Zergling x4  
  93  13:20  Zergling x18  
  93  13:22  Zergling x4  
  93  13:24  Baneling x6  
  93  13:25  Baneling x8, Zergling x2  
  104  13:33  Zergling x6  
  103  13:41  Zergling x2  
  89  13:55  Zergling x2  
  89  13:56  Zergling x12  
  90  14:05  Zergling x6  
  93  14:16  Mutalisk x4  
  93  14:17  Mutalisk  
  97  14:20  Baneling x16, Hatchery  
  97  14:21  Baneling x6  
  102  14:29  Extractor x2  
  100  14:40  Zergling x12  
  106  14:46  Hatchery  
  106  14:51  Zergling x2  
  106  14:52  Zergling x4  
  99  15:13  Overseer  
  95  15:20  Overseer  
  94  15:22  Spore Crawler  
  94  15:23  Drone x7, Spore Crawler x2  
  96  15:28  Mutalisk  
  96  15:29  Zergling x2  
  96  15:34  Drone  
  100  15:54  Drone  
  100  15:55  Drone x5  
  106  16:11  Extractor  
  106  16:12  Infestor x4  
  106  16:15  Extractor  
  112  16:19  Overlord  
  112  16:21  Swarm Host  
  112  16:25  Hive  
  115  16:29  Drone  
  115  16:30  Drone x2  
  118  16:35  Drone x3  
  118  16:36  Drone x2  
  118  16:37  Drone  
  124  16:44  Zergling x12  
  124  16:46  Drone  
  131  16:50  Overlord  
  131  16:55  Overlord  
  131  16:57  Overlord  
  131  17:17  Overlord  
  131  17:25  Infestor x4  
  132  18:05  Mutalisk x2  
  132  18:06  Mutalisk  
  132  18:12  Ultralisk Cavern  
  137  18:13  Zerg Melee Weapons Level 3  
  137  18:23  Evolution Chamber  
  92  18:45  Zergling x2  
  92  18:46  Neural Parasite  
  92  18:48  Burrow  
  93  18:50  Zergling x2  
  94  18:59  Ultralisk x5  
  124  19:14  Zergling x28  
  124  19:16  Zergling x2  
  141  19:17  Zergling x10  
  86  20:32  Hatchery  
  85  20:42  Hatchery  
  102  20:54  Zergling x18  
  111  20:59  Hatchery  
  111  21:00  Extractor  
Show
View Real Time Build Order
Export as new Build Order

ZergHunter Terran - Winner!

Build Orders:  

Get SALT Encoding   

  12  0:00  SCV  
  13  0:12  SCV  
  14  0:17  Supply Depot  
  14  0:24  SCV  
  15  0:39  SCV  
  15  0:40  Barracks  
  16  0:47  Refinery  
  16  0:51  SCV  
  17  1:16  SCV  
  18  1:28  SCV  
  19  1:41  Marine  
  19  1:42  Command Center  
  19  1:44  Supply Depot  
  20  1:52  Orbital Command  
  20  2:07  Bunker  
  20  2:13  Factory  
  20  2:17  SCV  
  20  2:20  Marine  
  22  2:31  SCV  
  23  2:42  Barracks Reactor  
  23  2:44  SCV  
  24  2:54  Orbital Command  
  24  2:56  SCV  
  25  3:00  Starport  
  25  3:01  Factory Tech Lab  
  25  3:07  Refinery  
  25  3:09  SCV  
  26  3:18  Marine  
  26  3:19  Marine  
  28  3:20  Orbital Command  
  28  3:35  Command Center  
  28  3:38  Marine x2  
  30  3:45  SCV  
  30  3:46  Starport Tech Lab  
  31  3:49  SCV  
  31  3:52  Bunker  
  31  3:55  Siege Tank  
  35  4:00  Marine x2  
  35  4:01  SCV  
  38  4:03  SCV  
  39  4:10  Banshee  
  39  4:13  SCV  
  43  4:18  SCV  
  43  4:21  Marine x2  
  46  4:33  Supply Depot  
  46  4:41  Cloaking Field  
  46  4:42  Supply Depot  
  46  4:46  Siege Tank, SCV  
  46  4:47  Supply Depot  
  46  4:49  Orbital Command  
  46  4:52  SCV  
  51  4:59  SCV  
  52  5:01  Refinery  
  52  5:03  Barracks  
  52  5:04  SCV  
  53  5:11  SCV  
  54  5:14  Engineering Bay  
  54  5:17  Barracks  
  54  5:19  Engineering Bay, SCV x2  
  56  5:22  Refinery  
  56  5:23  SCV  
  57  5:31  SCV x2  
  57  5:33  Marine x2  
  57  5:34  Banshee  
  57  5:35  SCV  
  65  5:40  Siege Tank  
  68  5:46  SCV x2  
  68  5:49  Terran Infantry Weapons Level 1  
  70  5:50  SCV, Terran Infantry Armor Level 1  
  70  5:51  Marine  
  70  5:53  Orbital Command  
  72  5:59  SCV  
  72  6:03  Supply Depot  
  73  6:04  Barracks Reactor  
  73  6:08  Marine  
  73  6:09  SCV  
  73  6:11  SCV  
  76  6:19  SCV  
  76  6:21  SCV  
  78  6:27  Orbital Command, Missile Turret, Armory  
  78  6:30  Starport Reactor, Missile Turret  
  78  6:31  SCV  
  45  6:56  Supply Depot  
  45  7:09  SCV x3  
  45  7:13  Medivac x2  
  45  7:15  Marauder, Marine x4  
  56  7:16  Terran Vehicle Weapons Level 1  
  56  7:18  Command Center  
  56  7:22  SCV x3  
  60  7:34  SCV x2  
  60  7:36  SCV  
  59  7:38  Marine x3  
  59  7:39  Marine x2  
  59  7:41  Stimpack  
  64  7:46  SCV x2  
  64  7:48  SCV  
  67  7:52  Terran Infantry Armor Level 2, Terran Infantry Weapons Level 2  
  67  7:56  Marine x3  
  70  7:58  SCV  
  70  7:59  SCV, Barracks  
  70  8:00  SCV  
  70  8:04  Barracks  
  73  8:11  SCV x2  
  73  8:12  SCV  
  76  8:14  Marine x3  
  79  8:23  SCV  
  76  9:14  Orbital Command  
  67  9:38  Siege Tank, Marauder, Marine x3  
  72  9:39  Barracks Tech Lab, Marine  
  72  9:40  Barracks Reactor  
  72  9:41  Orbital Command  
  76  9:46  Sensor Tower  
  76  9:50  Supply Depot  
  76  9:51  Supply Depot  
  76  9:56  Marine x2  
  80  10:00  Marauder  
  80  10:10  SCV x4, Marine  
  80  10:11  Siege Tank, Marauder, Marine  
  80  10:14  Marine x2  
  89  10:20  Marine x2  
  91  10:21  Marauder  
  91  10:22  SCV  
  91  10:25  Missile Turret  
  91  10:26  Missile Turret  
  91  10:28  Missile Turret, Marine x2  
  86  10:29  Missile Turret  
  86  10:31  Missile Turret, Marine  
  86  10:32  Missile Turret x2, Marine x2  
  88  10:38  Marine x2  
  88  10:42  Marine  
  91  10:46  Missile Turret, Marine x2  
  91  10:47  Missile Turret x2  
  91  10:49  Marine x2  
  94  10:57  Marine x3  
  94  11:00  Medivac, Marauder  
  101  11:04  Marine x2  
  101  11:07  Marine  
  101  11:08  Marauder  
  104  11:15  Marine x2  
  105  11:22  Marauder  
  99  11:29  Marauder  
  101  11:36  SCV x4  
  105  11:42  Missile Turret  
  105  11:45  Ghost Academy  
  105  11:46  Marauder, Missile Turret, Marine x6  
  105  11:47  Siege Tank, Missile Turret  
  116  11:48  Missile Turret  
  116  11:49  Terran Infantry Weapons Level 3  
  116  11:53  Missile Turret  
  116  11:55  Medivac x2, SCV x2  
  116  11:56  SCV x2, Marauder  
  126  12:03  Marine  
  126  12:04  Marine x5  
  132  12:13  SCV, Marine  
  132  12:14  SCV  
  130  12:17  Marine  
  131  12:23  Refinery  
  131  12:24  Refinery, Sensor Tower  
  131  12:40  Missile Turret  
  131  12:41  Marine  
  131  12:42  Sensor Tower  
  132  12:44  Supply Depot  
  132  12:48  Supply Depot  
  132  13:05  Marine x6  
  132  13:06  Orbital Command, Marauder  
  132  13:08  Supply Depot  
  132  13:10  Marauder  
  142  13:23  Marine x5  
  147  13:30  Marauder  
  147  13:31  Marauder  
  151  13:45  Marine  
  151  13:48  Missile Turret  
  152  13:52  Marauder, Command Center  
  152  13:53  Marauder, Missile Turret  
  98  14:09  SCV x4  
  102  14:21  SCV  
  102  14:23  Supply Depot  
  103  14:29  Unknown  
  103  14:43  Marine x6  
  103  14:44  Siege Tank, Marauder x2  
  116  14:51  Factory  
  106  15:01  Marine x3  
  106  15:04  Ghost  
  106  15:05  Marauder  
  103  15:11  Sensor Tower  
  103  15:12  Planetary Fortress  
  96  15:19  Missile Turret  
  96  15:20  Missile Turret  
  96  15:21  Missile Turret  
  96  15:22  Marine x5  
  96  15:26  Ghost  
  103  15:32  Missile Turret, Barracks  
  103  15:34  Barracks  
  100  15:37  Factory Tech Lab  
  100  15:40  Smart Servos  
  100  15:41  Terran Vehicle Weapons Level 2  
  100  15:43  Terran Infantry Armor Level 3  
  100  15:49  Missile Turret  
  100  15:50  Ghost  
  100  15:53  Marine x4  
  100  15:54  Ghost, Missile Turret, Marine x2  
  100  15:56  SCV x3  
  113  16:02  Thor  
  113  16:03  Thor  
  125  16:11  Marine x2  
  127  16:40  Barracks Tech Lab x2  
  127  16:41  Marauder x2, Marine x3  
  127  16:42  Medivac x2  
  138  16:55  Command Center  
  138  16:56  Marine  
  138  16:57  Marine x2  
  138  16:58  Thor x2  
  138  16:59  Marine x3  
  156  17:01  Command Center  
  156  17:02  Marauder  
  156  17:03  Marauder  
  160  17:11  Command Center  
  160  17:14  Marauder x2, Marine x3  
  167  17:31  Supply Depot  
  167  17:33  Ghost x2  
  167  17:35  Ghost x2, Supply Depot  
  175  18:05  Thor x2  
  175  18:06  Marauder  
  175  18:07  Ghost x3  
  195  18:19  Missile Turret x2  
  195  18:20  Missile Turret  
  195  18:21  Orbital Command  
  195  18:27  Ghost  
  177  18:35  Ghost  
  179  18:41  Sensor Tower  
  167  18:57  Planetary Fortress  
  167  19:05  Command Center  
  167  19:45  Marauder x4, Marine x6  
  177  19:46  Medivac, Thor x2  
  177  19:47  Medivac  
  177  19:52  Fusion Core  
  197  19:57  Refinery  
  197  19:59  Refinery  
  167  20:03  Marine x2  
  169  20:24  Planetary Fortress  
  162  21:00  Command Center  
Tags
 
League
Diamond
Matchup
TvZ
Opening
Pool First
Spawn Locations
Cross Positions
Add a new tag
Caveats
  • Supply blocks, unpowered buildings, or Contaminate may cause inaccurate times.
  • Supply counts are checked every 10 seconds.